 Dungeon Crawl Stone Soup version 0.22-a0-271-gc000056 (webtiles) character file.

6640 Sergey the Martial Artist (level 11, -33/81 HPs)
             Began as a Human Transmuter on Mar 11, 2018.
             Was a High Priest of Cheibriados.
             Hit by a large rock thrown by a cyclops (42 damage)
             ... on level 13 of the Dungeon on Mar 12, 2018.
             The game lasted 01:03:54 (6194 turns).

Sergey the Martial Artist (Human Transmuter)        Turns: 6194, Time: 01:04:24

Health: -33/81     AC:  7    Str: 23    XL:     11   Next: 22%
Magic:  11/20      EV: 24    Int: 25    God:    Cheibriados [*****.]
Gold:   228        SH:  0    Dex: 37    Spells: 8/22 levels left

rFire    . . .     SeeInvis .     - Unarmed
rCold    . . .     Gourm    .   (shield currently unavailable)
rNeg     . . .     Faith    +   S - +0 troll leather armour
rPois    +         Spirit   .   I - +0 helmet
rElec    .         Reflect  .   (no cloak)
rCorr    .         Harm     .   (gloves currently unavailable)
MR       .....                  f - +1 pair of boots
Stlth    ++++......             M - amulet of faith
HPRegen  0.63/turn              U - ring of poison resistance
MPRegen  0.17/turn              K - +6 ring of dexterity

@: agile, blade hands (expiring), very slow
A: no striking features
a: End Transformation, Bend Time, Temporal Distortion, Slouch, Step From Time,
Renounce Religion


You were on level 13 of the Dungeon.
You worshipped Cheibriados.
Cheibriados was extremely pleased with you.
You were hungry.
You had blades for hands.
You visited 2 branches of the dungeon, and saw 15 of its levels.
You also visited: Sewer.

You collected 581 gold pieces.
You spent 353 gold pieces at shops.

Inventory:

Hand Weapons
 s - a +0 hand crossbow
 y - a +0 quarterstaff of crushing
Missiles
 a - 97 arrows
 e - 94 bolts
 g - 102 sling bullets
 i - 10 poisoned needles
 j - 237 stones
 z - 3 javelins (quivered)
 B - 7 tomahawks
 C - 8 curare-tipped needles
 T - a throwing net {!f}
Armour
 b - a +0 robe
 f - a +1 pair of boots (worn)
 I - a +0 helmet (worn)
 R - a +0 large shield
 S - a +0 troll leather armour (worn)
Magical Staves
 L - an uncursed staff of power
Jewellery
 o - an uncursed ring of flight
 K - a +6 ring of dexterity (right scythe-like blade)
 M - an amulet of faith (around neck)
 U - a ring of poison resistance (left scythe-like blade)
 W - an uncursed amulet of magic regeneration {unknown}
Wands
 w - a wand of polymorph (5)
 x - a wand of enslavement (18)
 A - a wand of flame (43)
 Q - a wand of disintegration (13)
Scrolls
 h - 3 scrolls of teleportation {@r3}
 l - 5 scrolls of remove curse {@r2}
 m - 2 scrolls of enchant armour
 p - a scroll of blinking
 r - 2 scrolls of enchant weapon
 v - 3 scrolls of immolation
 D - 2 scrolls of magic mapping
 F - a scroll of holy word {unknown}
 O - a scroll of silence {unknown}
 P - a scroll of vulnerability {unknown}
 Y - a scroll of acquirement {unknown}
 Z - a scroll of torment {unknown}
Potions
 c - 3 potions of haste
 k - a potion of curing {@q2}
 n - 2 potions of agility
 q - 4 potions of cancellation
 u - 2 potions of flight
 E - a potion of magic
 G - 2 potions of lignification
 H - a potion of might
 J - a potion of ambrosia {unknown}
 N - a potion of mutation {unknown}
 V - a potion of heal wounds {@q1}
Comestibles
 d - 18 rations
 X - 5 chunks of flesh


   Skills:
 + Level 5.7 Fighting
 + Level 5.7 Dodging
 + Level 8.6 Unarmed Combat
 - Level 6.0 Spellcasting
 - Level 8.0 Transmutations
 - Level 2.1 Poison Magic
 + Level 5.9 Invocations
 + Level 2.3 Evocations


You had 8 spell levels left.
You knew the following spells:

 Your Spells              Type           Power        Failure   Level  Hunger
a - Beastly Appendage     Tmut           #####.       10%         1    None
b - Sticks to Snakes      Tmut           #####...     12%         2    None
c - Spider Form           Tmut/Pois      ####......   26%         3    None
e - Blink                 Tloc           N/A          52%         2    None
x - Confusing Touch       Hex            #.....       43%         1    None
Q - Blade Hands           Tmut           #####.....   43%         5    #####..


Dungeon Overview and Level Annotations

Branches:
Dungeon (14/15)            Temple (1/1) D:4
   Lair: D:8-11         Orc: D:9-12      Vaults: D:13-14

Altars:
Ashenzari
Cheibriados
Elyvilon
Kikubaaqudgha
Makhleb
Nemelex Xobeh
Okawaru
Ru
Uskayaw
Wu Jian
Yredelemnul

Shops:
D:7 =**(*   D:11 [

Annotations:
D:6 tidbits's ghost, novice GnIE
D:8 Erica
D:9 exclusion: upstairs
D:10 exclusion: upstairs
D:11 Nergalle
D:13 exclusion: downstairs


Message History

Things that are here:
a battleaxe; 2 large rocks
Okay, then.
Unknown command.
Okay, then.
Okay, then.
Unknown command.
You swap places.
Your transformation is almost over.
Unknown command.
You swap places.
A cyclops opens the door.
Unknown command.
Casting: Sticks to Snakes (safe; 12% risk of failure)
Confirm with . or Enter, or press ? or * to list all spells.
You create 4 snakes!
You now have 97 arrows.
The cyclops throws a large rock.
The large rock barely misses your adder.
The large rock completely misses your adder.
The large rock hits you!!!
Ouch! That really hurt!
You die...

'.........+ .D .........
#.### ....... .....
..... #...# )C. .# #...#
#'##########.# ...
#S#..........# #.#
#S#..........# ##.####
##@#..........# #.....#
##SS.S.........# #..##.#
#....S.........# #..##.#
#..............#
#..##.###.#.#..........#
#>...>....###..........#
#.###.##### #.........##
#.# #.# ###########
#.....#


You could see a cyclops and 6 friendly adders.

Vanquished Creatures
  A tengu warrior (D:13)
  A two-headed ogre (D:11)
  An ugly thing (D:13)
  Joseph (D:7)
  2 trolls
  A hippogriff (D:7)
  3 yaks
  A golden eye (shapeshifter) (D:13)
  Edmund (D:4)
  A water moccasin (D:9)
  An orc warrior (D:7)
  3 black bears
  A phantom (D:9)
  5 ogres
  2 necrophages
  4 centaurs
  A big kobold (Sewer)
  2 bullfrogs
  3 scorpions
  3 howler monkeys (D:8)
  A bullfrog zombie (D:10)
  2 crimson imps
  2 centaur zombies
  2 orc priests
  2 bullfrog skeletons (D:5)
  2 jellies
  5 orc wizards
  A gnoll shaman (D:7)
  6 hounds
  2 worker ants
  A killer bee zombie (D:6)
  5 gnolls
  A worker ant zombie (D:10)
  6 adders
  3 river rats
  3 shadow imps
  2 oozes
  An adder skeleton (D:9)
  An adder zombie (D:9)
  4 worms (D:3)
  7 leopard geckos
  24 orcs
  A ball python (D:4)
  8 bats
  4 giant cockroaches
  7 goblins
  4 hobgoblins
  7 jackals
  7 kobolds
  4 quokkas
  7 frilled lizards
  9 rats
  2 fungi (D:1)
181 creatures vanquished.

Vanquished Creatures (collateral kills)
  A troll (D:12)
  A yak (D:12)
  A killer bee (D:12)
  An orc wizard (D:3)
  A gnoll (D:6)
  2 shadow imps (D:5)
  A worm (D:3)
  A leopard gecko (D:3)
  2 orcs (D:3)
11 creatures vanquished.

Vanquished Creatures (others)
  4 killer bees (D:12)
  An orc priest (D:5)
  A gnoll (D:6)
  An orc (D:12)
7 creatures vanquished.

Grand Total: 199 creatures vanquished

Notes
Turn   | Place    | Note
-------+----------+-------------------------------------------
     0 | D:1      | Sergey the Human Transmuter began the quest for the Orb.
     0 | D:1      | Reached XP level 1. HP: 15/15 MP: 3/3
   259 | D:2      | Reached XP level 2. HP: 19/21 MP: 3/5
   269 | D:2      | Learned a level 2 spell: Sticks to Snakes
   609 | D:1      | Reached XP level 3. HP: 24/26 MP: 4/6
   699 | D:3      | Found a faded altar of an unknown god.
   849 | D:3      | Reached XP level 4. HP: 8/33 MP: 1/7
   858 | D:3      | Learned a level 3 spell: Spider Form
  1107 | D:3      | Found a glowing drain.
  1111 | Sewer    | Entered a sewer
  1236 | Sewer    | Reached XP level 5. HP: 38/38 MP: 7/9
  1240 | Sewer    | Noticed a big kobold
  1252 | Sewer    | Killed a big kobold
  1279 | Sewer    | Found a glowing silver altar of Zin.
  1445 | D:3      | Reached skill level 1 in Poison Magic
  1445 | D:3      | Reached XP level 6. HP: 20/46 MP: 5/10
  1584 | D:5      | Entered Level 5 of the Dungeon
  1746 | D:4      | Noticed Edmund
  1802 | D:4      | Killed Edmund
  1832 | D:4      | Reached XP level 7. HP: 13/52 MP: 8/12
  1942 | D:4      | Found a staircase to the Ecumenical Temple.
  1966 | Temple   | Entered the Ecumenical Temple
  1974 | Temple   | Became a worshipper of Cheibriados the Contemplative
  2395 | D:3      | Found a basalt altar of Yredelemnul.
  2963 | D:4      | Reached * piety under Cheibriados
  3149 | D:5      | Learned a level 1 spell: Confusing Touch
  3172 | D:5      | Found a transporter.
  3193 | D:5      | Reached XP level 8. HP: 53/60 MP: 10/14
  3423 | D:5      | Found a sparkling altar of Nemelex Xobeh.
  3456 | D:5      | Reached skill level 5 in Unarmed Combat
  3539 | D:5      | Found a transporter.
  3561 | D:5      | Learned a level 2 spell: Blink
  3962 | D:7      | Noticed Joseph
  3996 | D:6      | Found a sacrificial altar of Ru.
  4127 | D:6      | Noticed tidbits's ghost (novice GnIE)
  4180 | D:7      | Killed Joseph
  4180 | D:7      | Reached skill level 5 in Transmutations
  4254 | D:7      | Found Bakih's Assorted Antiques.
  4260 | D:7      | Bought a fizzy brown potion for 20 gold pieces
  4260 | D:7      | Bought a fizzy emerald potion for 20 gold pieces
  4260 | D:7      | Bought a scroll of identify for 46 gold pieces
  4260 | D:7      | Bought a fizzy emerald potion for 20 gold pieces
  4260 | D:7      | Bought a scroll labeled HINASM VEKA for 23 gold pieces
  4260 | D:7      | Bought a scroll of identify for 46 gold pieces
  4260 | D:7      | Bought a scroll of identify for 46 gold pieces
  4305 | D:7      | Found Vifity's Weapon Shop.
  4307 | D:7      | Found Mebre's Assorted Antiques.
  4341 | D:7      | Reached XP level 9. HP: 21/66 MP: 9/16
  4389 | D:7      | Found Jauqei's Assorted Antiques.
  4392 | D:7      | Bought a scroll labeled FIORPH VEOCS for 27 gold pieces
  4392 | D:7      | Bought a scroll labeled GAONOH ISYSETE for 27 gold pieces
  4392 | D:7      | Bought a scroll labeled WYGHEGYMAUB for 27 gold pieces
  4392 | D:7      | Bought a glowing white potion for 24 gold pieces
  4392 | D:7      | Bought a scroll labeled ZOUMONT BOUL for 27 gold pieces
  4426 | D:8      | Reached ** piety under Cheibriados
  4426 | D:8      | Reached skill level 5 in Fighting
  4426 | D:8      | Reached skill level 5 in Spellcasting
  4473 | D:7      | Noticed a hippogriff
  4484 | D:7      | Killed a hippogriff
  4523 | D:7      | Found Soc Nor's Jewellery Shoppe.
  5027 | D:10     | Entered Level 10 of the Dungeon
  5087 | D:10     | Reached *** piety under Cheibriados
  5141 | D:10     | Learned a level 5 spell: Blade Hands
  5243 | D:9      | Noticed a slime creature
  5243 | D:9      | Noticed a slime creature
  5243 | D:9      | Noticed a slime creature
  5243 | D:9      | Noticed a slime creature
  5278 | D:10     | Reached skill level 5 in Dodging
  5280 | D:10     | Reached skill level 1 in Invocations
  5396 | D:10     | Reached XP level 10. HP: 69/74 MP: 12/18
  5547 | D:8      | Noticed Erica
  5684 | D:9      | Reached **** piety under Cheibriados
  5799 | D:11     | Noticed a death knight
  5860 | D:11     | Identified Causki's Papyrus of the Onion
  5882 | D:11     | Noticed a two-headed ogre
  5884 | D:11     | Killed a two-headed ogre
  5909 | D:11     | Found Nuacefac's Antique Armour Emporium.
  5911 | D:11     | Noticed Nergalle
  5913 | D:11     | Noticed Nergalle
  5913 | D:11     | Nergalle changed into Nergalle the death drake
  5917 | D:11     | Noticed a centaur warrior
  5918 | D:11     | Noticed a cyclops
  5920 | D:11     | Found a large runed door.
  6032 | D:12     | Noticed Sonja
  6035 | D:12     | Noticed Sonja
  6035 | D:12     | Sonja changed into Sonja the troll
  6049 | D:12     | Killed Sonja the troll
  6063 | D:12     | Reached skill level 5 in Invocations
  6072 | D:12     | Noticed a skeletal warrior
  6074 | D:12     | Noticed a skeletal warrior
  6079 | D:12     | Noticed a skeletal warrior
  6092 | D:12     | Noticed a skeletal warrior
  6133 | D:14     | Noticed a faun
  6133 | D:14     | Noticed a catoblepas
  6133 | D:14     | Noticed a two-headed ogre
  6156 | D:13     | Noticed a cyan ugly thing
  6157 | D:13     | Noticed a tengu warrior
  6158 | D:13     | Noticed a cyclops
  6167 | D:13     | Killed a cyan ugly thing
  6167 | D:13     | Reached skill level 1 in Evocations
  6167 | D:13     | Reached XP level 11. HP: 62/80 MP: 14/20
  6190 | D:13     | Killed a tengu warrior
  6190 | D:13     | Reached ***** piety under Cheibriados
  6194 | D:13     | Hit by a large rock thrown by a cyclops

Vault maps used:
D:1:      dpeg_arrival_simpleton_c, minmay_gold_behind_fungi, st_stairs_1
D:2:      nicolae_overflow_crystal_walls
D:3:      yredelemnul_altar_generic, chequers_ecumenical_altar_simple,
          gup_sewer_entry_spiral, kennysheep_generic_room_6
D:4:      gammafunk_temple_overflow_statue, minmay_temple_entry_overgrown,
          uniq_edmund
D:5:      gammafunk_wand_slinger, first_ration, nemelex_diamond_rough_becter
D:6:      nicolae_ru_path_of_blood
D:7:      serial_shops, nicolae_shop_waterfront, shop_fountains,
          nicolae_shop_behind_doors, nicolae_shop_window_shopping,
          nicolae_shop_stone, uniq_joseph
D:8:      minmay_lair_entry_grove, uniq_erica
D:10:     serial_curves, eino_curves_04, eino_curves_01, grunt_tengu_nest
D:11:     kennysheep_orc_monster_closet_entryway, serial_shops,
          nicolae_shop_temple_entry_statues_fountains, jmf_multi_god_temple2,
          uniq_nergalle
D:12:     uniq_sonja
D:13:     grunt_vaults_entry_tiered, basic_altar
D:14:     evilmike_ruin_ashenzari, nrook_mini_vaults, uniq_rupert
Temple:   eino_narrow_crystal_temple
Sewer:    sewer_kobolds

Skill      XL: |  1  2  3  4  5  6  7  8  9 10 11 |
---------------+----------------------------------+-----
Fighting       | 2 3 4 5 |  5.7
Spellcasting   | 3 4 5 6 |  6.0
Transmutations | 3 4 5 6 8 |  8.0
Poison Magic   | 1 2 |  2.1
Unarmed Combat | 4 5 6 8 |  8.6
Dodging        | 3 5 |  5.7
Invocations    | 1 5 |  5.9
Evocations     | 1 2 |  2.3

Action                   |  1- 3 |  4- 6 |  7- 9 | 10-12 || total
-------------------------+-------+-------+-------+-------++-------
Melee: Unarmed           |   124 |   101 |   325 |   101 ||   651
       Kick              |     1 |       |       |       ||     1
       Headbutt          |     8 |     7 |       |       ||    15
       Punch             |     1 |     1 |     6 |     4 ||    12
 Fire: Hand crossbow     |       |       |     8 |       ||     8
Throw: Javelin           |       |       |     4 |     2 ||     6
 Cast: Beastly Appendage |    15 |    12 |       |       ||    27
       Sticks to Snakes  |     5 |     5 |    12 |    12 ||    34
       Spider Form       |       |     6 |    41 |     2 ||    49
       Confusing Touch   |       |       |     4 |       ||     4
       Blade Hands       |       |       |     1 |    11 ||    12
Invok: Bend Time         |       |       |     2 |     3 ||     5
 Abil: Evoke Flight      |       |     1 |     1 |       ||     2
       End Transformatio |       |       |     1 |     2 ||     3
Evoke: Wand              |       |     3 |    12 |    14 ||    29
  Use: Potion            |     1 |       |     7 |     2 ||    10
       Scroll            |       |     3 |    13 |     7 ||    23
 Stab: Sleeping          |     3 |     2 |     2 |       ||     7
       Confused          |       |       |     1 |       ||     1
  Eat: Chunk             |       |     6 |    14 |     4 ||    24
Armor: Robe              |    29 |    12 |    26 |     2 ||    69
       Skin              |       |     1 |     7 |       ||     8
       Troll leather arm |       |       |       |     8 ||     8
Dodge: Dodged            |    74 |    77 |   305 |   102 ||   558

Table legend:
 A = Spawn XP
 B = Non-spawn XP
 C = Spawn XP percentage of total XP
 D = Spawn monster count
 E = Non-spawn monster count
 F = Spawn count percentage of total count
 G = Total turns spent on level
                    A         B        C        D         E        F      G
               +---------+---------+-------+---------+---------+-------+---------
         Total |       0 |    9487 |   0.0 |       0 |     192 |   0.0 |  6194
               +---------+---------+-------+---------+---------+-------+---------
           D:1 |       0 |      26 |   0.0 |       0 |      15 |   0.0 |   621
           D:2 |       0 |      20 |   0.0 |       0 |      14 |   0.0 |   524
           D:3 |       0 |     183 |   0.0 |       0 |      41 |   0.0 |   991
           D:4 |       0 |     340 |   0.0 |       0 |       7 |   0.0 |   502
           D:5 |       0 |     577 |   0.0 |       0 |      17 |   0.0 |   906
           D:6 |       0 |     325 |   0.0 |       0 |      14 |   0.0 |   522
           D:7 |       0 |    1069 |   0.0 |       0 |      13 |   0.0 |   551
           D:8 |       0 |     166 |   0.0 |       0 |       3 |   0.0 |    46
           D:9 |       0 |    1241 |   0.0 |       0 |      19 |   0.0 |   445
          D:10 |       0 |     756 |   0.0 |       0 |      14 |   0.0 |   415
          D:11 |       0 |    1398 |   0.0 |       0 |      10 |   0.0 |   226
          D:12 |       0 |    1041 |   0.0 |       0 |       9 |   0.0 |   100
          D:13 |       0 |    2203 |   0.0 |       0 |       6 |   0.0 |    96
         Sewer |       0 |     142 |   0.0 |       0 |      10 |   0.0 |   230
               +---------+---------+-------+---------+---------+-------+---------
